 Dungeon Crawl Stone Soup version 0.20.0-9-g8272e65 (webtiles) character file.

92 Chiseanne the Ducker (level 4, 0/22 HPs)
             Began as a Spriggan Transmuter on June 2, 2017.
             Was an Initiate of Gozag.
             Slain by an orc priest
             ... wielding a +0 whip
              (2 damage)
             ... on level 3 of the Dungeon.
             The game lasted 00:06:28 (3546 turns).

Chiseanne the Ducker (Spriggan Transmuter)          Turns: 3546, Time: 00:06:29

Health: 0/22       AC:  4    Str:  5    XL:     4   Next: 35%
Magic:  10/10      EV: 19    Int: 14    God:    Gozag
Gold:   291        SH:  0    Dex: 16    Spells: 9/10 levels left

rFire    + . .     SeeInvis +     - Unarmed
rCold    . . .     Gourm    .   (shield restricted)
rNeg     . . .     Faith    .   b - +0 robe
rPois    .         Spirit   .   (helmet restricted)
rElec    .         Reflect  .   (no cloak)
rCorr    .         Harm     .   (gloves unavailable)
MR       .....                  (boots unavailable)
Stlth    +.........             (no amulet)
Regen    0.1/turn               f - ring of protection from fire
MPRegen  0.2/turn               (no ring)

@: appendage, very quick
A: unfitting armour, horns 2, slimy green scales 1, see invisible, herbivore 3,
speed 3, slow metabolism 2, weak 1, wild magic 1
a: End Transformation, Potion Petition, Call Merchant, Bribe Branch, Renounce
Religion


You were on level 3 of the Dungeon.
You worshipped Gozag.
Gozag was aware of your devotion.
You were not hungry.
You had grown temporary horns.
You visited 1 branch of the dungeon, and saw 3 of its levels.

You collected 315 gold pieces.
You paid 24 gold pieces to Gozag.

Inventory:

Missiles
 a - 76 arrows
 h - 39 stones (quivered)
 i - 16 poisoned needles
 m - 29 sling bullets
 o - 2 tomahawks
Armour
 b - a +0 robe (worn)
Jewellery
 f - a ring of protection from fire (left hand)
Books
 c - a book of Changes

   Spells                             Type                      Level
   a - Beastly Appendage              Transmutation                1
   b - Sticks to Snakes               Transmutation                2
   c - Spider Form                    Transmutation/Poison         3
   d - Ice Form                       Ice/Transmutation            4
   e - Blade Hands                    Transmutation                5
Comestibles
 d - 3 bread rations


   Skills:
 * Level 1.5 Fighting
 * Level 4.0 Dodging
 - Level 2.8 Unarmed Combat
 * Level 3.6 Spellcasting
 * Level 3.5 Transmutations


You had 9 spell levels left.
You knew the following spells:

 Your Spells              Type           Power        Failure   Level  Hunger
a - Beastly Appendage     Tmut           ###...       8%          1    None


Dungeon Overview and Level Annotations

Branches:
Dungeon (3/15)

Altars:
Gozag

Annotations:
D:2 1 runed door


Innate Abilities, Weirdness & Mutations

You are very small and have problems with some larger weapons.
You are too small for most types of armour.
You have supernaturally acute eyesight. (SInv)
You are a herbivore.
You cover ground extremely quickly.
You need consume almost no food.
You have a pair of horns on your head.
You are partially covered in slimy green scales. (AC +2)
You are weak. (Str -2)
Your spells are a little harder to cast, but a little more powerful.


Message History

You hit the orc priest.
The orc priest is severely wounded.
The orc priest hits you with a whip.
* * * LOW HITPOINT WARNING * * *
You closely miss the orc priest.
The orc priest is severely wounded.
The orc priest closely misses you.
You closely miss the orc priest.
The orc priest is severely wounded.
The orc priest hits you with a whip.
* * * LOW HITPOINT WARNING * * *
You hit the orc priest.
The orc priest is severely wounded.
The orc priest hits you with a whip.
* * * LOW HITPOINT WARNING * * *
You hit the orc priest. Your headbutt misses the orc priest.
The orc priest is almost dead.
The orc priest hits you with a whip.
You die...
Your body crumbles into a pile of gold.

.####.>.......####...#####
## ##.......## #........ #
##.....## #.#######
##...## #.## ##+## #..#
#.#########.#
####........##.#
#......####<##.# ###
##.#....####@##)# ..#
#.......#...o...#
#.###.........##.####
..........#.####)#
#.###.....#.####[# #.#
#............# ..#
##...o..###### ###
####.### #.# #######


You could see an orc priest.

Vanquished Creatures
  Terence (D:2)
  2 worms (D:2)
  3 dart slugs
  2 leopard geckos
  2 orcs (D:3)
  4 bats
  A giant cockroach (D:1)
  7 hobgoblins
  7 jackals
  6 kobolds
  A quokka (D:3)
  8 frilled lizards
  A goblin (D:3)
  4 rats
49 creatures vanquished.

Notes
Turn   | Place    | Note
-------+----------+-------------------------------------------
     0 | D:1      | Chiseanne the Spriggan Transmuter began the quest for the Orb.
     0 | D:1      | Reached XP level 1. HP: 9/9 MP: 5/5
   328 | D:1      | Reached skill level 1 in Fighting
   432 | D:1      | Reached XP level 2. HP: 14/14 MP: 5/7
  1148 | D:2      | Found an opulent altar of Gozag.
  1164 | D:2      | Became a worshipper of Gozag Ym Sagoz the Greedy
  1913 | D:2      | Found a runed door.
  1967 | D:2      | Reached XP level 3. HP: 16/18 MP: 6/8
  2260 | D:2      | Noticed Terence
  2262 | D:2      | Gained mutation: You are weak. (Str -2) [potion of mutation]
  2262 | D:2      | Gained mutation: Your spells are a little harder to cast, but a little more powerful. [potion of mutation]
  2262 | D:2      | Gained mutation: You are partially covered in slimy green scales. (AC +2) [potion of mutation]
  2316 | D:2      | Killed Terence
  2316 | D:2      | Reached XP level 4. HP: 4/22 MP: 8/10
  3227 | D:3      | Reached skill level 4 in Dodging
  3546 | D:3      | Slain by an orc priest

Skill      XL: |  1  2  3  4 |
---------------+-------------+-----
Fighting       | 1 |  1.5
Spellcasting   | 3 |  3.6
Transmutations | 3 |  3.5
Dodging        | 4 |  4.0
Unarmed Combat | |  2.8

Action                   |  1- 3 |  4- 6 || total
-------------------------+-------+-------++-------
Melee: Unarmed           |   155 |   100 ||   255
       Headbutt          |    22 |     9 ||    31
       Kick              |    17 |     7 ||    24
       Punch             |     3 |     2 ||     5
 Cast: Beastly Appendage |    28 |    16 ||    44
  Use: Scroll            |     3 |     1 ||     4
       Potion            |     5 |     1 ||     6
 Stab: Sleeping          |     1 |     1 ||     2
  Eat: Royal jelly       |       |     1 ||     1
Armor: Robe              |    10 |    20 ||    30
Dodge: Dodged            |   117 |    92 ||   209
